[ AOE2 MATCH · #479143141 ]
UnrankedSicilians vs Burmese
[ REPLAY ANALYSIS · EXTRACTED FROM THE RECORDED GAME ]
Feudal
8:31
Castle
23:29
Imperial
—
| APM avg | 37.5 |
| APM peak | 73 |
| eAPM avg | 20.0 |
| Villagers / military | 153 / 39 |
Focus
⚔️ 25.0% · 🌾 75.0%
Serjeant ×26 · Petard ×7 · Battering Ram ×6
Feudal
10:06
Castle
22:08
Imperial
38:11
| APM avg | 53.0 |
| APM peak | 96 |
| eAPM avg | 32.8 |
| Villagers / military | 135 / 76 |
Focus
⚔️ 46.6% · 🌾 53.4%
Arambai ×64 · Trebuchet (Packed) ×8 · Petard ×3 · Monk ×1
Feudal
8:58
Castle
18:35
Imperial
35:39
| APM avg | 47.2 |
| APM peak | 84 |
| eAPM avg | 31.8 |
| Villagers / military | 170 / 32 |
Focus
⚔️ 35.7% · 🌾 64.3%
Mangonel ×14 · Monk ×12 · Skirmisher ×5 · Battering Ram ×1
Feudal
10:40
Castle
14:22
Imperial
28:23
| APM avg | 39.3 |
| APM peak | 75 |
| eAPM avg | 27.7 |
| Villagers / military | 145 / 200 |
Focus
⚔️ 48.5% · 🌾 51.5%
Eagle Scout ×195 · Mangonel ×2 · Trebuchet (Packed) ×2 · Spearman ×1
Feudal
10:56
Castle
14:39
Imperial
27:55
| APM avg | 38.6 |
| APM peak | 80 |
| eAPM avg | 25.6 |
| Villagers / military | 210 / 210 |
Focus
⚔️ 29.4% · 🌾 70.6%
Fire Lancer ×167 · Skirmisher ×29 · Monk ×6 · Trebuchet (Packed) ×6 · Spearman ×2 · Unknown (882) ×1
Feudal
10:56
Castle
14:41
Imperial
28:37
| APM avg | 37.3 |
| APM peak | 83 |
| eAPM avg | 23.7 |
| Villagers / military | 153 / 125 |
Focus
⚔️ 42.4% · 🌾 57.6%
Cavalry Archer ×72 · Scout Cavalry ×22 · Battering Ram ×8 · Trebuchet (Packed) ×6 · Monk ×5 · Hand Cannoneer ×5
Feudal
10:59
Castle
15:18
Imperial
30:27
| APM avg | 52.1 |
| APM peak | 80 |
| eAPM avg | 29.7 |
| Villagers / military | 236 / 220 |
Focus
⚔️ 34.2% · 🌾 65.8%
Scout Cavalry ×154 · Hand Cannoneer ×62 · Bombard Cannon ×2 · Monk ×1 · Camel Scout ×1
Feudal
11:01
Castle
16:17
Imperial
28:27
| APM avg | 51.9 |
| APM peak | 87 |
| eAPM avg | 30.2 |
| Villagers / military | 137 / 68 |
Focus
⚔️ 57.8% · 🌾 42.2%
Scorpion ×32 · Battering Ram ×23 · Ballista Elephant ×7 · Trebuchet (Packed) ×6
Match map
Initial resources + every placement click. Lines = walls · curves = elevation contours. ◆ gold · ⬟ stone · ● berries · ✦ relic · ◌ wall gap
Your base· ✓ Closed at 23:29 · 4t walls · 2 gate(s)
veni's base· ✓ Closed at 22:08 · 26t walls · 9 gate(s)
AlbertoFernández's base· ✓ Closed at 18:35 · 2t walls · 2 gate(s)
Spank~'s base· ✓ Closed at 14:22 · 0t walls · 2 gate(s)
ಥಥĐà Lạtಥಥ's base· ✓ Closed at 14:39 · 0t walls · 2 gate(s)
Eugenius's base· ✓ Closed at 14:41 · 0t walls · 3 gate(s)
DL-ĐệNhị's base· ✓ Closed at 15:18 · 0t walls · 2 gate(s)
团团团子's base· ✓ Closed at 16:17 · 42t walls · 2 gate(s)
Smoothed initial terrain · ◌ = detected wall gap · hover for details
Inputs per minute
— Shiva - - veni
Build order — Shiva
First 150 of 351 actions detected
| 0:01 | Queue | Villager (Male) |
| 0:01 | Queue | Villager (Male) |
| 0:02 | Queue | Villager (Male) |
| 0:02 | Queue | Villager (Male) |
| 0:02 | Queue | Villager (Male) |
| 0:04 | Build | House |
| 0:06 | Build | House |
| 1:33 | Queue | Villager (Male) |
| 1:34 | Queue | Villager (Male) |
| 2:06 | Queue | Villager (Male) |
| 2:06 | Queue | Villager (Male) |
| 2:12 | Build | Lumber Camp |
| 2:20 | Queue | Villager (Male) |
| 2:45 | Queue | Villager (Male) |
| 2:45 | Queue | Villager (Male) |
| 3:10 | Queue | Villager (Male) |
| 3:10 | Queue | Villager (Male) |
| 3:38 | Queue | Villager (Male) |
| 3:38 | Queue | Villager (Male) |
| 3:41 | Queue | Villager (Male) |
| 3:41 | Queue | Villager (Male) |
| 3:51 | Build | House |
| 4:06 | Queue | Villager (Male) |
| 4:07 | Queue | Villager (Male) |
| 4:41 | Queue | Villager (Male) |
| 5:16 | Build | Mill |
| 5:20 | Build | Mill |
| 5:37 | Research | Loom |
| 6:21 | Research | Feudal Age |
| 6:21 | Research | Feudal Age |
| 6:49 | Build | House |
| 7:23 | Build | Donjon |
| 7:53 | Queue | Villager (Male) |
| 8:31 | Age | Feudal Age |
| 8:33 | Queue | Villager (Male) |
| 8:35 | Research | Double-Bit Axe |
| 8:35 | Research | Double-Bit Axe |
| 8:36 | Research | Horse Collar |
| 8:36 | Research | Horse Collar |
| 8:53 | Build | Mining Camp |
| 8:59 | Queue | Serjeant |
| 8:59 | Queue | Serjeant |
| 9:10 | Build | Mining Camp |
| 9:25 | Queue | Villager (Male) |
| 9:26 | Queue | Villager (Male) |
| 9:50 | Queue | Villager (Male) |
| 10:19 | Queue | Villager (Male) |
| 10:29 | Build | Mining Camp |
| 10:32 | Build | Farm |
| 11:09 | Build | Donjon |
| 11:14 | Queue | Villager (Male) |
| 11:17 | Build | House |
| 11:24 | Research | Wheelbarrow |
| 11:39 | Build | Palisade Wall |
| 11:40 | Build | Palisade Wall |
| 11:44 | Build | Palisade Wall |
| 11:46 | Build | Palisade Wall |
| 12:00 | Queue | Serjeant |
| 12:39 | Queue | Villager (Male) |
| 12:55 | Queue | Villager (Male) |
| 13:02 | Queue | Serjeant |
| 13:24 | Queue | Villager (Male) |
| 13:27 | Build | Farm |
| 13:29 | Build | House |
| 13:32 | Build | Farm |
| 13:34 | Build | Farm |
| 13:35 | Queue | Villager (Male) |
| 14:01 | Build | Farm |
| 14:13 | Queue | Villager (Male) |
| 14:38 | Build | Donjon |
| 14:39 | Queue | Villager (Male) |
| 14:44 | Build | Farm |
| 14:46 | Build | Farm |
| 14:55 | Queue | Serjeant |
| 15:49 | Queue | Serjeant |
| 15:50 | Queue | Serjeant |
| 15:51 | Queue | Villager (Male) |
| 16:32 | Queue | Villager (Male) |
| 16:35 | Build | House |
| 16:37 | Build | Market |
| 16:39 | Build | House |
| 16:44 | Queue | Villager (Male) |
| 16:47 | Research | Stone Mining |
| 16:47 | Research | Stone Mining |
| 16:47 | Research | Stone Mining |
| 16:50 | Research | Town Watch |
| 16:51 | Research | Town Watch |
| 17:08 | Queue | Villager (Male) |
| 17:10 | Build | Farm |
| 17:13 | Build | House |
| 17:15 | Build | Farm |
| 17:35 | Queue | Villager (Male) |
| 17:51 | Queue | Villager (Male) |
| 17:53 | Build | Farm |
| 17:56 | Build | Mining Camp |
| 18:14 | Queue | Villager (Male) |
| 18:26 | Build | Farm |
| 18:57 | Queue | Villager (Male) |
| 19:00 | Build | Farm |
| 19:52 | Queue | Villager (Male) |
| 19:55 | Build | Blacksmith |
| 20:43 | Build | Donjon |
| 20:47 | Research | Fletching |
| 20:49 | Research | Castle Age |
| 20:49 | Research | Castle Age |
| 20:49 | Research | Castle Age |
| 21:06 | Queue | Serjeant |
| 21:06 | Queue | Serjeant |
| 21:16 | Build | Lumber Camp |
| 21:31 | Queue | Serjeant |
| 21:31 | Queue | Serjeant |
| 21:36 | Research | Gold Mining |
| 21:36 | Research | Gold Mining |
| 22:11 | Queue | Villager (Male) |
| 22:41 | Queue | Villager (Male) |
| 23:29 | Age | Castle Age |
| 23:35 | Build | Castle |
| 23:42 | Queue | Villager (Male) |
| 23:43 | Research | Bow Saw |
| 23:44 | Research | Bow Saw |
| 23:47 | Research | Heavy Plow |
| 23:47 | Research | Heavy Plow |
| 24:03 | Research | Bodkin Arrow |
| 24:03 | Research | Bodkin Arrow |
| 24:06 | Queue | Villager (Male) |
| 24:20 | Build | Town Center |
| 24:22 | Queue | Villager (Male) |
| 24:54 | Build | House |
| 25:00 | Build | Siege Workshop |
| 25:09 | Queue | Villager (Male) |
| 25:11 | Queue | Villager (Male) |
| 25:24 | Queue | Battering Ram |
| 25:39 | Build | Mining Camp |
| 25:44 | Queue | Battering Ram |
| 25:45 | Queue | Villager (Male) |
| 25:47 | Queue | Villager (Male) |
| 25:48 | Queue | Villager (Male) |
| 25:50 | Queue | Villager (Male) |
| 26:04 | Queue | Battering Ram |
| 26:08 | Queue | Villager (Male) |
| 26:09 | Queue | Villager (Male) |
| 26:18 | Queue | Petard ×3 |
| 26:28 | Research | Scale Mail Armor |
| 26:28 | Research | Scale Mail Armor |
| 26:32 | Build | Farm |
| 26:33 | Build | Farm |
| 26:34 | Queue | Villager (Male) |
| 26:57 | Queue | Villager (Male) |
| 27:00 | Queue | Battering Ram |
| 27:00 | Queue | Battering Ram |
Build order — veni
First 150 of 369 actions detected
| 0:01 | Queue | Villager (Male) |
| 0:02 | Build | House |
| 0:03 | Build | House |
| 0:06 | Queue | Villager (Male) ×3 |
| 1:23 | Queue | Villager (Male) |
| 1:47 | Queue | Villager (Male) |
| 1:49 | Build | Lumber Camp |
| 2:15 | Queue | Villager (Male) |
| 2:35 | Build | House |
| 2:45 | Queue | Villager (Male) |
| 3:16 | Queue | Villager (Male) |
| 3:30 | Queue | Villager (Male) |
| 4:00 | Queue | Villager (Male) |
| 4:09 | Build | House |
| 4:15 | Queue | Villager (Male) |
| 4:36 | Queue | Villager (Male) |
| 4:41 | Build | Mill |
| 5:00 | Queue | Villager (Male) |
| 5:37 | Queue | Villager (Male) |
| 5:56 | Queue | Villager (Male) |
| 6:24 | Queue | Villager (Male) |
| 6:25 | Research | Loom |
| 6:33 | Build | Mining Camp |
| 6:47 | Queue | Villager (Male) |
| 6:48 | Research | Loom |
| 7:43 | Research | Feudal Age |
| 8:46 | Build | Palisade Wall |
| 8:56 | Build | Palisade Wall |
| 9:16 | Queue | Villager (Male) |
| 9:17 | Queue | Villager (Male) |
| 9:37 | Build | Palisade Wall |
| 10:06 | Age | Feudal Age |
| 10:07 | Build | Watch Tower |
| 10:09 | Build | Blacksmith |
| 10:16 | Build | Gate |
| 10:23 | Queue | Villager (Male) |
| 10:34 | Build | Market |
| 10:45 | Build | Palisade Gate |
| 10:49 | Build | House |
| 11:01 | Build | Stone Wall |
| 11:09 | Build | House |
| 11:22 | Research | Wheelbarrow |
| 11:33 | Build | House |
| 11:48 | Build | Watch Tower |
| 11:52 | Research | Fletching |
| 11:54 | Queue | Villager (Male) |
| 12:21 | Build | Farm |
| 12:22 | Build | Farm |
| 12:23 | Queue | Villager (Male) |
| 12:34 | Build | Farm |
| 12:35 | Build | Farm |
| 12:36 | Build | Farm |
| 13:10 | Build | House |
| 13:12 | Queue | Villager (Male) |
| 13:16 | Build | Farm |
| 13:20 | Build | House |
| 13:24 | Build | Stone Wall |
| 13:27 | Build | Stone Wall |
| 13:28 | Build | Stone Wall |
| 13:45 | Build | Farm |
| 13:46 | Queue | Villager (Male) |
| 14:06 | Build | Farm |
| 14:18 | Queue | Villager (Male) |
| 14:41 | Queue | Villager (Male) |
| 14:56 | Build | Gate |
| 15:01 | Build | Gate |
| 15:09 | Build | Stone Wall |
| 15:40 | Build | Lumber Camp |
| 15:55 | Queue | Villager (Male) |
| 16:21 | Build | Stone Wall |
| 16:24 | Build | House |
| 16:36 | Build | Farm |
| 16:38 | Queue | Villager (Male) |
| 16:44 | Build | Farm |
| 16:45 | Build | Farm |
| 16:54 | Build | Farm |
| 16:55 | Build | Farm |
| 16:56 | Build | Mill |
| 16:58 | Build | Farm |
| 16:59 | Build | Farm |
| 17:12 | Build | Watch Tower |
| 17:14 | Queue | Villager (Male) |
| 17:14 | Queue | Villager (Male) |
| 17:24 | Build | Farm |
| 17:31 | Build | Farm |
| 17:56 | Queue | Villager (Male) |
| 18:13 | Build | Farm |
| 18:14 | Build | Farm |
| 18:18 | Queue | Villager (Male) |
| 18:40 | Queue | Villager (Male) |
| 18:43 | Build | Farm |
| 18:56 | Build | Gate |
| 19:01 | Build | Gate |
| 19:14 | Build | House |
| 19:28 | Research | Castle Age |
| 19:28 | Research | Castle Age |
| 19:43 | Research | Stone Mining |
| 19:44 | Research | Stone Mining |
| 20:44 | Research | Horse Collar |
| 20:56 | Queue | Villager (Male) |
| 22:08 | Age | Castle Age |
| 22:11 | Build | Castle |
| 22:17 | Build | Gate |
| 22:22 | Build | Stone Wall |
| 22:33 | Queue | Villager (Male) |
| 22:44 | Queue | Villager (Male) |
| 23:02 | Build | Town Center |
| 23:05 | Queue | Villager (Male) |
| 23:17 | Queue | Arambai |
| 23:22 | Build | Barracks |
| 23:24 | Queue | Villager (Male) |
| 23:30 | Research | Gold Mining |
| 23:49 | Queue | Villager (Male) |
| 24:03 | Build | Town Center |
| 24:06 | Queue | Villager (Male) |
| 24:06 | Queue | Villager (Male) |
| 24:09 | Queue | Villager (Male) |
| 24:11 | Build | Lumber Camp |
| 24:14 | Queue | Villager (Male) |
| 24:20 | Build | Stable |
| 24:23 | Research | Padded Archer Armor |
| 24:28 | Queue | Villager (Male) |
| 24:28 | Queue | Villager (Male) |
| 24:44 | Queue | Villager (Male) |
| 24:44 | Queue | Villager (Male) |
| 25:01 | Queue | Villager (Male) |
| 25:01 | Queue | Villager (Male) |
| 25:03 | Queue | Arambai |
| 25:03 | Queue | Arambai |
| 25:12 | Research | Bloodlines |
| 25:12 | Research | Bloodlines |
| 25:15 | Queue | Arambai |
| 25:21 | Build | Farm |
| 25:27 | Queue | Villager (Male) |
| 25:27 | Queue | Villager (Male) |
| 25:41 | Build | Farm |
| 25:46 | Build | Farm |
| 25:49 | Queue | Villager (Male) |
| 25:49 | Queue | Villager (Male) |
| 25:49 | Queue | Villager (Male) |
| 25:50 | Queue | Villager (Male) |
| 25:53 | Queue | Arambai |
| 26:05 | Queue | Arambai |
| 26:09 | Queue | Villager (Male) |
| 26:09 | Queue | Villager (Male) |
| 26:09 | Queue | Villager (Male) |
| 26:17 | Queue | Petard |
| 26:17 | Queue | Petard |
| 26:22 | Build | Farm |
| 26:25 | Build | Farm |
Build order — AlbertoFernández
First 150 of 381 actions detected
| 0:04 | Build | House |
| 0:05 | Build | House |
| 0:05 | Queue | Villager (Male) |
| 0:06 | Queue | Villager (Male) |
| 0:06 | Queue | Villager (Male) |
| 0:08 | Queue | Villager (Male) |
| 1:32 | Queue | Villager (Male) |
| 1:32 | Queue | Villager (Male) |
| 2:04 | Queue | Villager (Male) |
| 2:04 | Queue | Villager (Male) |
| 2:19 | Queue | Villager (Male) |
| 2:19 | Queue | Villager (Male) |
| 2:54 | Queue | Villager (Male) |
| 2:54 | Queue | Villager (Male) |
| 3:07 | Queue | Villager (Male) |
| 3:07 | Queue | Villager (Male) |
| 3:17 | Build | Lumber Camp |
| 3:45 | Queue | Villager (Male) |
| 3:46 | Queue | Villager (Male) |
| 3:48 | Queue | Villager (Male) |
| 3:48 | Queue | Villager (Male) |
| 4:03 | Build | House |
| 4:23 | Queue | Villager (Male) |
| 4:37 | Queue | Villager (Male) |
| 5:28 | Queue | Villager (Male) |
| 5:50 | Queue | Villager (Male) |
| 6:03 | Research | Loom |
| 6:10 | Build | Mining Camp |
| 6:48 | Research | Feudal Age |
| 6:48 | Research | Feudal Age |
| 7:52 | Queue | Villager (Male) |
| 8:31 | Queue | Villager (Male) |
| 8:37 | Build | House |
| 8:58 | Age | Feudal Age |
| 9:04 | Build | Watch Tower |
| 9:12 | Queue | Villager (Male) |
| 10:08 | Queue | Villager (Male) |
| 10:14 | Queue | Villager (Male) |
| 10:18 | Build | Mill |
| 10:22 | Build | House |
| 10:24 | Queue | Villager (Male) |
| 10:45 | Queue | Villager (Male) |
| 11:15 | Queue | Villager (Male) |
| 11:23 | Build | Watch Tower |
| 11:35 | Build | Mining Camp |
| 11:44 | Queue | Villager (Male) |
| 11:47 | Build | Farm |
| 12:00 | Build | House |
| 12:04 | Build | House |
| 12:16 | Build | Farm |
| 12:27 | Build | Palisade Wall |
| 12:28 | Build | Palisade Wall |
| 12:55 | Queue | Villager (Male) |
| 12:56 | Queue | Villager (Male) |
| 12:57 | Build | Farm |
| 13:18 | Queue | Villager (Male) |
| 13:20 | Build | Farm |
| 13:21 | Build | Farm |
| 13:44 | Build | Market |
| 13:54 | Build | Blacksmith |
| 13:57 | Queue | Villager (Male) |
| 14:09 | Queue | Villager (Male) |
| 14:58 | Queue | Villager (Male) |
| 15:13 | Queue | Villager (Male) |
| 15:30 | Queue | Villager (Male) |
| 15:55 | Research | Castle Age |
| 15:55 | Research | Castle Age |
| 15:55 | Research | Castle Age |
| 16:36 | Research | Double-Bit Axe |
| 16:37 | Research | Double-Bit Axe |
| 16:37 | Research | Double-Bit Axe |
| 16:37 | Research | Horse Collar |
| 16:37 | Research | Horse Collar |
| 16:37 | Research | Horse Collar |
| 16:38 | Research | Gold Mining |
| 16:38 | Research | Gold Mining |
| 16:39 | Research | Gold Mining |
| 16:43 | Research | Stone Mining |
| 16:43 | Research | Stone Mining |
| 16:43 | Research | Stone Mining |
| 18:21 | Research | Gold Mining |
| 18:21 | Research | Gold Mining |
| 18:35 | Age | Castle Age |
| 18:45 | Queue | Villager (Male) |
| 18:46 | Queue | Villager (Male) |
| 18:51 | Build | Town Center |
| 18:55 | Queue | Villager (Male) |
| 19:14 | Build | Town Center |
| 19:23 | Research | Bow Saw |
| 19:24 | Research | Bow Saw |
| 19:24 | Research | Bow Saw |
| 19:32 | Research | Heavy Plow |
| 19:32 | Research | Heavy Plow |
| 19:32 | Research | Heavy Plow |
| 19:33 | Queue | Villager (Male) |
| 19:50 | Build | House |
| 19:53 | Build | House |
| 19:56 | Queue | Villager (Male) |
| 19:56 | Queue | Villager (Male) |
| 20:18 | Build | Monastery |
| 20:21 | Queue | Villager (Male) |
| 20:28 | Queue | Villager (Male) |
| 20:38 | Build | House |
| 20:42 | Build | House |
| 20:48 | Queue | Monk |
| 20:48 | Queue | Monk |
| 20:48 | Queue | Monk |
| 21:06 | Queue | Villager (Male) |
| 21:22 | Build | Farm |
| 21:23 | Build | Farm |
| 21:23 | Build | Farm |
| 21:24 | Build | Farm |
| 21:27 | Build | Farm |
| 21:28 | Build | Farm |
| 21:29 | Build | Farm |
| 21:35 | Build | Farm |
| 21:35 | Build | Farm |
| 21:36 | Queue | Villager (Male) |
| 21:51 | Build | House |
| 21:56 | Build | House |
| 22:09 | Queue | Villager (Male) |
| 22:10 | Queue | Villager (Male) |
| 22:13 | Queue | Monk |
| 22:25 | Build | Farm |
| 22:25 | Build | Farm |
| 22:26 | Build | Farm |
| 22:26 | Build | Farm |
| 22:26 | Build | Farm |
| 22:26 | Build | Farm |
| 22:31 | Queue | Villager (Male) |
| 22:32 | Queue | Villager (Male) |
| 22:33 | Queue | Villager (Male) |
| 22:51 | Queue | Monk |
| 22:54 | Queue | Villager (Male) |
| 23:05 | Queue | Monk |
| 23:14 | Queue | Villager (Male) |
| 23:15 | Queue | Villager (Male) |
| 23:28 | Queue | Villager (Male) |
| 23:28 | Queue | Villager (Male) |
| 23:41 | Build | House |
| 23:43 | Queue | Villager (Male) |
| 23:53 | Queue | Villager (Male) |
| 23:53 | Queue | Villager (Male) |
| 23:53 | Queue | Villager (Male) |
| 24:03 | Build | Farm |
| 24:03 | Build | Farm |
| 24:03 | Build | Farm |
| 24:03 | Build | Farm |
| 24:03 | Build | Farm |
| 24:04 | Build | Farm |
Build order — Spank~
First 150 of 573 actions detected
| 0:06 | Queue | Villager (Male) ×4 |
| 0:08 | Build | House |
| 0:10 | Build | House |
| 1:29 | Queue | Villager (Male) |
| 1:29 | Queue | Villager (Male) |
| 1:50 | Build | Lumber Camp |
| 2:10 | Queue | Villager (Male) |
| 2:11 | Queue | Villager (Male) |
| 2:36 | Queue | Villager (Male) |
| 2:58 | Queue | Villager (Male) |
| 3:21 | Queue | Villager (Male) |
| 3:22 | Queue | Villager (Male) |
| 3:22 | Queue | Villager (Male) |
| 3:58 | Build | House |
| 4:09 | Queue | Villager (Male) |
| 4:27 | Queue | Villager (Male) |
| 4:27 | Queue | Villager (Male) |
| 4:39 | Queue | Villager (Male) |
| 4:40 | Queue | Villager (Male) |
| 4:45 | Build | Mill |
| 5:06 | Queue | Villager (Male) |
| 5:06 | Queue | Villager (Male) |
| 5:44 | Queue | Villager (Male) |
| 5:56 | Build | Farm |
| 5:58 | Build | House |
| 6:02 | Build | House |
| 6:08 | Queue | Villager (Male) |
| 6:56 | Queue | Villager (Male) |
| 6:59 | Build | Farm |
| 7:30 | Queue | Villager (Male) |
| 7:31 | Queue | Villager (Male) |
| 7:41 | Build | Farm |
| 8:05 | Queue | Villager (Male) |
| 8:17 | Build | Farm |
| 8:30 | Research | Feudal Age |
| 8:30 | Research | Feudal Age |
| 9:14 | Queue | Villager (Male) |
| 9:14 | Queue | Villager (Male) |
| 10:40 | Age | Feudal Age |
| 10:44 | Build | Market |
| 10:48 | Build | Blacksmith |
| 11:05 | Research | Double-Bit Axe |
| 11:06 | Research | Double-Bit Axe |
| 11:13 | Research | Double-Bit Axe |
| 11:13 | Research | Double-Bit Axe |
| 11:42 | Research | Castle Age |
| 11:43 | Research | Castle Age |
| 11:51 | Queue | Villager (Male) |
| 12:01 | Research | Horse Collar |
| 12:09 | Build | Farm |
| 12:13 | Build | Farm |
| 12:20 | Build | House |
| 12:21 | Build | House |
| 13:05 | Queue | Villager (Male) |
| 13:05 | Queue | Villager (Male) |
| 14:13 | Build | Farm |
| 14:22 | Age | Castle Age |
| 14:25 | Build | Town Center |
| 14:26 | Queue | Villager (Male) |
| 14:29 | Build | Town Center |
| 14:33 | Research | Bow Saw |
| 14:33 | Research | Bow Saw |
| 14:51 | Queue | Villager (Male) |
| 15:12 | Research | Heavy Plow |
| 15:21 | Queue | Villager (Male) |
| 15:24 | Build | Farm |
| 15:42 | Queue | Villager (Male) |
| 15:43 | Queue | Villager (Male) |
| 15:46 | Build | Farm |
| 15:57 | Build | Farm |
| 15:58 | Queue | Villager (Male) |
| 16:00 | Queue | Villager (Male) |
| 16:04 | Queue | Villager (Male) |
| 16:09 | Build | Farm |
| 16:16 | Build | House |
| 16:17 | Queue | Villager (Male) |
| 16:31 | Build | Farm |
| 16:31 | Queue | Villager (Male) |
| 16:33 | Build | Farm |
| 16:38 | Build | Farm |
| 16:40 | Build | Farm |
| 16:45 | Build | Farm |
| 16:49 | Queue | Villager (Male) |
| 16:57 | Queue | Villager (Male) |
| 17:01 | Build | House |
| 17:10 | Build | Farm |
| 17:12 | Build | Farm |
| 17:15 | Queue | Villager (Male) |
| 17:23 | Build | Farm |
| 17:24 | Queue | Villager (Male) |
| 17:27 | Build | Farm |
| 17:28 | Build | Farm |
| 17:29 | Build | Farm |
| 17:31 | Build | House |
| 17:32 | Queue | Villager (Male) |
| 17:42 | Queue | Villager (Male) |
| 17:48 | Build | Farm |
| 17:53 | Build | Farm |
| 17:58 | Queue | Villager (Male) |
| 18:02 | Build | Farm |
| 18:04 | Queue | Villager (Male) |
| 18:06 | Build | House |
| 18:15 | Queue | Villager (Male) |
| 18:15 | Queue | Villager (Male) |
| 18:18 | Build | Farm |
| 18:23 | Build | Farm |
| 18:24 | Queue | Villager (Male) |
| 18:27 | Queue | Villager (Male) |
| 18:29 | Build | Farm |
| 18:34 | Queue | Villager (Male) |
| 18:37 | Build | House |
| 18:44 | Queue | Villager (Male) |
| 18:48 | Queue | Villager (Male) |
| 18:59 | Queue | Villager (Male) |
| 19:08 | Build | House |
| 19:09 | Queue | Villager (Male) |
| 19:10 | Queue | Villager (Male) |
| 19:13 | Queue | Villager (Male) |
| 19:21 | Queue | Villager (Male) |
| 19:24 | Build | Town Center |
| 19:27 | Queue | Villager (Male) |
| 19:33 | Build | Farm |
| 19:35 | Build | Farm |
| 19:38 | Build | Farm |
| 19:47 | Research | Wheelbarrow |
| 19:50 | Queue | Villager (Male) |
| 19:50 | Queue | Villager (Male) |
| 19:59 | Queue | Villager (Male) |
| 19:59 | Queue | Villager (Male) |
| 20:02 | Build | Farm |
| 20:04 | Build | Farm |
| 20:11 | Queue | Villager (Male) |
| 20:14 | Queue | Villager (Male) |
| 20:18 | Build | Farm |
| 20:20 | Build | Farm |
| 20:23 | Queue | Villager (Male) |
| 20:25 | Build | House |
| 20:26 | Build | House |
| 20:29 | Queue | Villager (Male) |
| 20:32 | Build | House |
| 20:35 | Queue | Villager (Male) |
| 20:38 | Build | Farm |
| 20:46 | Queue | Villager (Male) |
| 20:50 | Queue | Villager (Male) |
| 20:51 | Queue | Villager (Male) |
| 20:55 | Queue | Villager (Male) |
| 20:55 | Queue | Villager (Male) |
| 21:02 | Build | Outpost |
| 21:08 | Queue | Villager (Male) |
| 21:18 | Build | Mining Camp |
Build order — ಥಥĐà Lạtಥಥ
First 150 of 473 actions detected
| 0:09 | Research | Loom |
| 0:45 | Queue | Villager (Male) |
| 0:45 | Queue | Villager (Male) |
| 0:45 | Queue | Villager (Male) |
| 1:12 | Queue | Villager (Male) |
| 1:12 | Queue | Villager (Male) |
| 1:35 | Queue | Villager (Male) |
| 2:02 | Queue | Villager (Male) |
| 2:02 | Queue | Villager (Male) |
| 2:02 | Queue | Villager (Male) |
| 2:03 | Queue | Villager (Male) |
| 2:22 | Build | Lumber Camp |
| 2:30 | Queue | Villager (Male) |
| 2:31 | Queue | Villager (Male) |
| 2:31 | Queue | Villager (Male) |
| 2:31 | Queue | Villager (Male) |
| 2:38 | Queue | Villager (Male) |
| 2:38 | Queue | Villager (Male) |
| 3:05 | Queue | Villager (Male) |
| 3:27 | Build | House |
| 3:40 | Queue | Villager (Male) |
| 3:41 | Queue | Villager (Male) |
| 3:41 | Queue | Villager (Male) |
| 3:41 | Queue | Villager (Male) |
| 3:53 | Build | House |
| 3:54 | Build | House |
| 3:57 | Queue | Villager (Male) |
| 3:57 | Queue | Villager (Male) |
| 3:58 | Queue | Villager (Male) |
| 4:50 | Queue | Villager (Male) |
| 4:51 | Queue | Villager (Male) |
| 4:51 | Queue | Villager (Male) |
| 4:51 | Queue | Villager (Male) |
| 4:54 | Queue | Villager (Male) |
| 4:55 | Queue | Villager (Male) |
| 4:55 | Queue | Villager (Male) |
| 4:55 | Queue | Villager (Male) |
| 5:21 | Queue | Villager (Male) |
| 5:21 | Queue | Villager (Male) |
| 5:21 | Queue | Villager (Male) |
| 5:21 | Queue | Villager (Male) |
| 5:26 | Queue | Villager (Male) |
| 5:26 | Queue | Villager (Male) |
| 5:26 | Queue | Villager (Male) |
| 5:26 | Queue | Villager (Male) |
| 5:32 | Build | Mill |
| 6:09 | Queue | Villager (Male) |
| 6:09 | Queue | Villager (Male) |
| 6:09 | Queue | Villager (Male) |
| 6:29 | Build | Farm |
| 7:00 | Queue | Villager (Male) |
| 7:00 | Queue | Villager (Male) |
| 7:01 | Queue | Villager (Male) |
| 7:12 | Build | Lumber Camp |
| 8:04 | Build | Mining Camp |
| 8:20 | Build | Farm |
| 8:29 | Research | Feudal Age |
| 9:01 | Build | Farm |
| 9:05 | Build | Farm |
| 9:56 | Queue | Villager (Male) |
| 9:57 | Queue | Villager (Male) |
| 10:34 | Queue | Villager (Male) |
| 10:34 | Queue | Villager (Male) |
| 10:56 | Age | Feudal Age |
| 10:57 | Queue | Villager (Male) |
| 10:57 | Queue | Villager (Male) |
| 11:01 | Build | Market |
| 11:07 | Build | Blacksmith |
| 11:21 | Build | Farm |
| 11:32 | Build | House |
| 11:33 | Build | House |
| 11:59 | Research | Castle Age |
| 12:28 | Research | Double-Bit Axe |
| 12:29 | Research | Double-Bit Axe |
| 14:15 | Research | Horse Collar |
| 14:15 | Research | Horse Collar |
| 14:28 | Queue | Villager (Male) |
| 14:29 | Queue | Villager (Male) |
| 14:39 | Age | Castle Age |
| 14:43 | Build | Town Center |
| 14:45 | Build | Town Center |
| 14:50 | Research | Bow Saw |
| 14:50 | Research | Bow Saw |
| 15:08 | Queue | Villager (Male) |
| 15:24 | Build | Monastery |
| 15:40 | Queue | Villager (Male) |
| 16:00 | Queue | Villager (Male) |
| 16:18 | Queue | Villager (Male) |
| 16:19 | Queue | Villager (Male) |
| 16:21 | Queue | Villager (Male) |
| 16:21 | Queue | Villager (Male) |
| 16:26 | Queue | Villager (Male) |
| 16:26 | Queue | Villager (Male) |
| 16:26 | Queue | Villager (Male) |
| 16:29 | Queue | Monk |
| 16:34 | Build | Town Center |
| 16:45 | Queue | Villager (Male) |
| 16:45 | Queue | Villager (Male) |
| 16:50 | Queue | Monk |
| 16:50 | Queue | Monk |
| 16:55 | Build | Farm |
| 17:06 | Build | Farm |
| 17:08 | Build | Farm |
| 17:09 | Build | Farm |
| 17:10 | Queue | Villager (Male) |
| 17:15 | Queue | Villager (Male) ×2 |
| 17:15 | Queue | Villager (Male) ×2 |
| 17:29 | Queue | Villager (Male) |
| 17:45 | Queue | Villager (Male) |
| 17:48 | Build | Farm |
| 17:49 | Build | Farm |
| 17:50 | Build | Farm |
| 17:56 | Build | Farm |
| 17:57 | Build | Farm |
| 18:02 | Queue | Villager (Male) |
| 18:14 | Build | Farm |
| 18:15 | Build | Farm |
| 18:21 | Queue | Villager (Male) |
| 18:24 | Build | Farm |
| 18:27 | Build | Farm |
| 18:29 | Queue | Villager (Male) |
| 18:29 | Queue | Villager (Male) |
| 18:34 | Build | Farm |
| 18:38 | Build | Farm |
| 18:39 | Build | Farm |
| 18:40 | Build | Farm |
| 18:55 | Queue | Villager (Male) |
| 18:57 | Build | Farm |
| 19:06 | Queue | Villager (Male) |
| 19:07 | Queue | Villager (Male) |
| 19:14 | Build | House |
| 19:16 | Build | House |
| 19:32 | Queue | Villager (Male) |
| 19:36 | Build | House |
| 19:37 | Build | House |
| 19:39 | Queue | Villager (Male) |
| 19:41 | Build | Farm |
| 19:42 | Build | Farm |
| 19:46 | Queue | Villager (Male) ×5 |
| 19:46 | Queue | Villager (Male) ×5 |
| 19:46 | Queue | Villager (Male) ×5 |
| 19:50 | Build | Farm |
| 19:57 | Queue | Villager (Male) |
| 20:13 | Build | Farm |
| 20:15 | Build | Farm |
| 20:18 | Build | House |
| 20:19 | Build | House |
| 20:20 | Queue | Villager (Male) |
| 20:21 | Queue | Villager (Male) |
| 20:21 | Queue | Villager (Male) |
Build order — Eugenius
First 150 of 471 actions detected
| 0:01 | Queue | Villager (Male) |
| 0:01 | Queue | Villager (Male) |
| 0:01 | Queue | Villager (Male) |
| 0:02 | Build | House |
| 0:03 | Build | House |
| 0:14 | Queue | Villager (Male) |
| 0:14 | Queue | Villager (Male) |
| 1:24 | Queue | Villager (Male) |
| 1:51 | Queue | Villager (Male) |
| 1:51 | Queue | Villager (Male) |
| 2:19 | Queue | Villager (Male) |
| 2:19 | Queue | Villager (Male) |
| 2:26 | Queue | Villager (Male) |
| 2:44 | Build | Lumber Camp |
| 3:06 | Queue | Villager (Male) |
| 3:07 | Queue | Villager (Male) |
| 3:20 | Build | House |
| 3:24 | Queue | Villager (Male) |
| 3:24 | Queue | Villager (Male) |
| 3:35 | Build | House |
| 3:44 | Queue | Villager (Male) |
| 3:44 | Queue | Villager (Male) |
| 3:44 | Queue | Villager (Male) |
| 4:28 | Queue | Villager (Male) |
| 4:28 | Queue | Villager (Male) |
| 4:28 | Queue | Villager (Male) |
| 4:29 | Queue | Villager (Male) |
| 4:29 | Queue | Villager (Male) |
| 5:03 | Queue | Villager (Male) |
| 5:19 | Queue | Villager (Male) |
| 5:20 | Queue | Villager (Male) |
| 5:32 | Build | Mill |
| 6:23 | Build | Farm |
| 6:23 | Build | Farm |
| 6:30 | Build | Farm |
| 6:32 | Queue | Villager (Male) |
| 7:29 | Queue | Villager (Male) |
| 7:29 | Queue | Villager (Male) |
| 8:18 | Queue | Villager (Male) |
| 8:18 | Research | Feudal Age |
| 8:20 | Build | Mining Camp |
| 8:27 | Build | House |
| 9:20 | Queue | Villager (Male) |
| 10:56 | Age | Feudal Age |
| 11:02 | Queue | Villager (Male) |
| 11:06 | Build | Market |
| 11:09 | Build | Blacksmith |
| 11:13 | Build | Market |
| 11:58 | Research | Double-Bit Axe |
| 12:01 | Research | Castle Age |
| 13:20 | Research | Horse Collar |
| 13:20 | Research | Horse Collar |
| 13:22 | Build | Farm |
| 13:25 | Build | Farm |
| 13:27 | Build | Farm |
| 13:43 | Build | House |
| 13:45 | Build | House |
| 13:47 | Queue | Villager (Male) |
| 14:41 | Age | Castle Age |
| 14:51 | Build | Monastery |
| 14:53 | Queue | Villager (Male) |
| 14:57 | Build | Town Center |
| 15:02 | Research | Bow Saw |
| 15:18 | Queue | Villager (Male) |
| 15:28 | Queue | Monk |
| 15:34 | Queue | Villager (Male) |
| 15:50 | Build | Town Center |
| 15:56 | Queue | Villager (Male) |
| 15:58 | Queue | Villager (Male) |
| 16:03 | Build | Farm |
| 16:20 | Queue | Villager (Male) |
| 16:20 | Queue | Villager (Male) |
| 16:38 | Queue | Monk |
| 16:39 | Queue | Villager (Male) |
| 16:48 | Queue | Villager (Male) |
| 16:49 | Build | Farm |
| 16:51 | Build | Farm |
| 16:52 | Queue | Villager (Male) |
| 16:55 | Build | House |
| 16:56 | Build | House |
| 16:57 | Build | House |
| 16:59 | Queue | Villager (Male) |
| 17:18 | Build | Farm |
| 17:19 | Queue | Villager (Male) |
| 17:20 | Queue | Villager (Male) |
| 17:25 | Build | Farm |
| 17:26 | Build | Farm |
| 17:27 | Build | Farm |
| 17:34 | Queue | Villager (Male) |
| 17:35 | Queue | Villager (Male) |
| 17:58 | Queue | Villager (Male) |
| 17:58 | Queue | Villager (Male) |
| 17:58 | Queue | Villager (Male) |
| 18:00 | Build | Farm |
| 18:01 | Build | Farm |
| 18:04 | Build | Farm |
| 18:07 | Queue | Villager (Male) |
| 18:07 | Queue | Villager (Male) |
| 18:07 | Queue | Villager (Male) |
| 18:09 | Queue | Villager (Male) |
| 18:19 | Queue | Villager (Male) |
| 18:24 | Build | Lumber Camp |
| 18:25 | Queue | Villager (Male) |
| 18:25 | Queue | Villager (Male) |
| 18:26 | Queue | Villager (Male) |
| 18:27 | Build | House |
| 18:28 | Build | House |
| 18:53 | Queue | Villager (Male) |
| 18:53 | Queue | Villager (Male) |
| 19:07 | Queue | Villager (Male) |
| 19:07 | Queue | Villager (Male) |
| 19:09 | Build | Farm |
| 19:10 | Build | Farm |
| 19:11 | Build | Farm |
| 19:12 | Queue | Villager (Male) |
| 19:12 | Queue | Villager (Male) |
| 19:32 | Queue | Villager (Male) |
| 19:32 | Queue | Villager (Male) |
| 19:32 | Queue | Villager (Male) |
| 19:46 | Queue | Villager (Male) |
| 19:47 | Queue | Villager (Male) |
| 19:49 | Build | Farm |
| 19:50 | Build | Farm |
| 19:51 | Build | Farm |
| 19:53 | Build | Farm |
| 19:58 | Queue | Villager (Male) |
| 19:58 | Queue | Villager (Male) |
| 20:04 | Queue | Villager (Male) |
| 20:04 | Queue | Villager (Male) |
| 20:04 | Queue | Villager (Male) |
| 20:13 | Queue | Monk |
| 20:23 | Queue | Villager (Male) |
| 20:23 | Queue | Villager (Male) |
| 20:23 | Queue | Villager (Male) |
| 20:29 | Build | Farm |
| 20:31 | Build | Farm |
| 20:32 | Build | House |
| 20:34 | Build | Farm |
| 20:35 | Queue | Villager (Male) |
| 20:40 | Build | Farm |
| 20:40 | Build | Farm |
| 20:41 | Build | Farm |
| 20:52 | Queue | Villager (Male) |
| 20:59 | Build | University |
| 21:01 | Build | Farm |
| 21:20 | Queue | Monk |
| 21:21 | Queue | Monk |
| 21:28 | Build | Barracks |
| 21:29 | Queue | Villager (Male) |
| 21:29 | Queue | Villager (Male) |
Build order — DL-ĐệNhị
First 150 of 400 actions detected
| 0:01 | Queue | Villager (Male) |
| 0:02 | Queue | Villager (Male) |
| 0:02 | Build | House |
| 0:04 | Build | House |
| 0:15 | Queue | Villager (Male) |
| 0:17 | Queue | Villager (Male) |
| 1:41 | Queue | Villager (Male) |
| 1:41 | Queue | Villager (Male) |
| 2:02 | Queue | Villager (Male) |
| 2:04 | Queue | Villager (Male) |
| 2:04 | Queue | Villager (Male) |
| 2:15 | Build | Lumber Camp |
| 2:34 | Queue | Villager (Male) |
| 3:24 | Queue | Villager (Male) |
| 3:26 | Queue | Villager (Male) |
| 3:27 | Queue | Villager (Male) |
| 3:36 | Queue | Villager (Male) |
| 3:36 | Queue | Villager (Male) |
| 3:45 | Queue | Villager (Male) |
| 3:55 | Build | House |
| 4:35 | Queue | Villager (Male) |
| 4:35 | Queue | Villager (Male) |
| 4:55 | Queue | Villager (Male) |
| 5:00 | Queue | Villager (Male) |
| 5:00 | Queue | Villager (Male) |
| 5:06 | Build | House |
| 5:09 | Build | Mining Camp |
| 5:27 | Queue | Villager (Male) |
| 5:30 | Queue | Villager (Male) |
| 5:30 | Queue | Villager (Male) |
| 5:31 | Queue | Villager (Male) |
| 5:58 | Queue | Villager (Male) |
| 5:58 | Queue | Villager (Male) |
| 6:29 | Build | Mill |
| 6:34 | Queue | Villager (Male) |
| 6:34 | Queue | Villager (Male) |
| 6:36 | Queue | Villager (Male) |
| 6:37 | Queue | Villager (Male) |
| 6:38 | Queue | Villager (Male) |
| 6:39 | Queue | Villager (Male) |
| 6:54 | Queue | Villager (Male) |
| 7:24 | Queue | Villager (Male) |
| 7:24 | Queue | Villager (Male) |
| 7:25 | Queue | Villager (Male) |
| 7:40 | Queue | Villager (Male) |
| 7:40 | Queue | Villager (Male) |
| 8:03 | Build | Mining Camp |
| 8:36 | Research | Feudal Age |
| 8:36 | Research | Feudal Age |
| 9:12 | Build | Farm |
| 9:42 | Build | Barracks |
| 10:36 | Build | Farm |
| 10:44 | Build | House |
| 10:57 | Queue | Villager (Male) |
| 10:57 | Queue | Villager (Male) |
| 10:59 | Age | Feudal Age |
| 11:03 | Build | Stable |
| 11:21 | Queue | Villager (Male) |
| 11:50 | Build | Blacksmith |
| 11:57 | Build | Farm |
| 12:29 | Build | Farm |
| 12:32 | Build | Farm |
| 12:38 | Research | Castle Age |
| 12:39 | Research | Castle Age |
| 12:39 | Research | Castle Age |
| 13:06 | Research | Double-Bit Axe |
| 13:06 | Research | Double-Bit Axe |
| 13:06 | Research | Double-Bit Axe |
| 13:27 | Build | Farm |
| 13:30 | Research | Horse Collar |
| 13:30 | Research | Horse Collar |
| 13:30 | Research | Horse Collar |
| 13:48 | Build | Farm |
| 13:49 | Queue | Villager (Male) |
| 14:02 | Queue | Villager (Male) |
| 14:10 | Build | Farm |
| 14:21 | Build | Farm |
| 14:24 | Build | Farm |
| 15:18 | Age | Castle Age |
| 15:30 | Queue | Villager (Male) |
| 15:32 | Build | Farm |
| 15:33 | Build | Farm |
| 15:34 | Queue | Scout Cavalry |
| 15:35 | Queue | Villager (Male) |
| 15:38 | Research | Bow Saw |
| 15:38 | Research | Bow Saw |
| 15:46 | Build | Farm |
| 15:55 | Research | Heavy Plow |
| 15:55 | Research | Heavy Plow |
| 15:55 | Research | Heavy Plow |
| 15:56 | Queue | Villager (Male) |
| 16:13 | Build | Farm |
| 16:15 | Build | Farm |
| 16:18 | Queue | Villager (Male) |
| 16:21 | Build | Farm |
| 16:25 | Build | House |
| 16:27 | Build | House |
| 16:43 | Queue | Scout Cavalry |
| 16:44 | Queue | Villager (Male) |
| 16:48 | Build | Farm |
| 16:55 | Build | Farm |
| 17:04 | Queue | Scout Cavalry |
| 17:13 | Queue | Scout Cavalry |
| 17:17 | Queue | Villager (Male) |
| 17:34 | Research | Scale Barding Armor |
| 17:34 | Research | Scale Barding Armor |
| 17:45 | Queue | Villager (Male) |
| 17:45 | Queue | Villager (Male) |
| 17:49 | Build | Farm |
| 17:51 | Queue | Villager (Male) |
| 18:02 | Queue | Scout Cavalry |
| 18:03 | Queue | Villager (Male) |
| 18:04 | Queue | Villager (Male) |
| 18:15 | Build | Farm |
| 18:30 | Queue | Villager (Male) |
| 18:36 | Build | Town Center |
| 18:44 | Research | Forging |
| 18:45 | Research | Forging |
| 18:45 | Research | Forging |
| 19:13 | Queue | Villager (Male) |
| 19:16 | Build | Farm |
| 19:20 | Queue | Villager (Male) |
| 19:21 | Queue | Villager (Male) |
| 19:41 | Queue | Villager (Male) |
| 19:43 | Queue | Villager (Male) |
| 19:44 | Queue | Villager (Male) |
| 19:45 | Queue | Villager (Male) |
| 19:50 | Research | Wheelbarrow |
| 19:50 | Research | Wheelbarrow |
| 19:50 | Research | Wheelbarrow |
| 20:02 | Queue | Villager (Male) ×3 |
| 20:12 | Queue | Villager (Male) |
| 20:13 | Build | Farm |
| 20:15 | Build | Farm |
| 20:28 | Queue | Villager (Male) ×3 |
| 20:29 | Queue | Villager (Male) |
| 20:41 | Queue | Villager (Male) ×3 |
| 20:47 | Build | House |
| 20:48 | Build | House |
| 20:50 | Queue | Villager (Male) |
| 20:51 | Queue | Villager (Male) |
| 21:04 | Build | House |
| 21:04 | Build | House |
| 21:19 | Queue | Villager (Male) ×5 |
| 21:19 | Queue | Villager (Male) |
| 21:27 | Queue | Villager (Male) ×5 |
| 21:41 | Queue | Villager (Male) ×5 |
| 21:43 | Queue | Villager (Male) |
| 21:44 | Queue | Villager (Male) |
| 21:44 | Queue | Villager (Male) |
Build order — 团团团子
First 150 of 334 actions detected
| 0:01 | Queue | Villager (Male) ×4 |
| 0:03 | Build | House |
| 0:05 | Build | House |
| 1:41 | Queue | Villager (Male) |
| 1:42 | Queue | Villager (Male) |
| 1:56 | Build | Lumber Camp |
| 2:02 | Queue | Villager (Male) |
| 2:02 | Queue | Villager (Male) |
| 2:02 | Queue | Villager (Male) |
| 2:23 | Queue | Villager (Male) |
| 2:24 | Queue | Villager (Male) |
| 2:57 | Queue | Villager (Male) |
| 2:57 | Queue | Villager (Male) |
| 3:15 | Build | House |
| 3:26 | Queue | Villager (Male) |
| 3:26 | Queue | Villager (Male) |
| 3:27 | Queue | Villager (Male) |
| 4:10 | Queue | Villager (Male) |
| 4:10 | Queue | Villager (Male) |
| 4:36 | Queue | Villager (Male) |
| 4:36 | Queue | Villager (Male) |
| 4:37 | Queue | Villager (Male) |
| 5:23 | Queue | Villager (Male) |
| 5:38 | Queue | Villager (Male) |
| 6:00 | Build | House |
| 6:16 | Queue | Villager (Male) |
| 6:28 | Build | Mill |
| 6:39 | Queue | Villager (Male) |
| 7:08 | Queue | Villager (Male) |
| 7:34 | Queue | Villager (Male) |
| 7:41 | Queue | Villager (Male) |
| 8:21 | Queue | Villager (Male) |
| 8:27 | Build | Farm |
| 8:28 | Build | Farm |
| 8:30 | Build | Farm |
| 8:36 | Research | Feudal Age |
| 8:41 | Build | Palisade Wall |
| 8:49 | Build | Mining Camp |
| 9:09 | Build | Palisade Wall |
| 9:21 | Build | Palisade Wall |
| 9:32 | Build | Palisade Wall |
| 9:54 | Queue | Villager (Male) |
| 10:02 | Build | Palisade Wall |
| 10:03 | Build | Palisade Wall |
| 10:04 | Build | Palisade Wall |
| 10:05 | Build | Palisade Wall |
| 10:07 | Build | Palisade Wall |
| 10:20 | Build | Palisade Wall |
| 10:25 | Build | House |
| 10:27 | Build | Palisade Wall |
| 10:27 | Build | Palisade Wall |
| 10:29 | Build | Palisade Wall |
| 10:30 | Build | Palisade Wall |
| 10:38 | Build | Farm |
| 10:39 | Build | Farm |
| 10:41 | Build | Farm |
| 10:48 | Queue | Villager (Male) |
| 10:56 | Build | Farm |
| 11:01 | Age | Feudal Age |
| 11:11 | Build | Watch Tower |
| 11:36 | Queue | Villager (Male) |
| 12:02 | Build | Market |
| 12:05 | Queue | Villager (Male) |
| 12:07 | Build | House |
| 12:23 | Build | Farm |
| 12:59 | Queue | Villager (Male) |
| 13:37 | Research | Castle Age |
| 13:37 | Research | Castle Age |
| 14:29 | Research | Double-Bit Axe |
| 14:29 | Research | Double-Bit Axe |
| 14:30 | Research | Horse Collar |
| 14:30 | Research | Horse Collar |
| 14:42 | Research | Stone Mining |
| 15:15 | Build | Palisade Wall |
| 15:37 | Build | Mining Camp |
| 15:45 | Queue | Villager (Male) |
| 16:17 | Age | Castle Age |
| 16:20 | Queue | Villager (Male) |
| 16:34 | Queue | Villager (Male) |
| 16:44 | Build | Castle |
| 16:53 | Queue | Villager (Male) |
| 17:07 | Research | Bow Saw |
| 17:08 | Research | Bow Saw |
| 17:09 | Research | Heavy Plow |
| 17:10 | Research | Heavy Plow |
| 17:37 | Queue | Villager (Male) |
| 18:14 | Queue | Ballista Elephant |
| 18:17 | Queue | Villager (Male) |
| 18:34 | Queue | Villager (Male) |
| 18:48 | Queue | Ballista Elephant |
| 18:50 | Queue | Villager (Male) |
| 18:56 | Build | Town Center |
| 19:11 | Queue | Ballista Elephant |
| 19:12 | Queue | Villager (Male) |
| 19:13 | Queue | Villager (Male) |
| 19:15 | Build | Farm |
| 19:20 | Build | Farm |
| 19:35 | Queue | Villager (Male) |
| 19:56 | Build | Farm |
| 19:57 | Build | Farm |
| 20:03 | Queue | Ballista Elephant |
| 20:33 | Queue | Villager (Male) ×3 |
| 21:14 | Queue | Villager (Male) |
| 21:15 | Queue | Villager (Male) |
| 21:16 | Build | Farm |
| 22:05 | Queue | Villager (Male) |
| 22:22 | Queue | Villager (Male) |
| 22:33 | Queue | Villager (Male) |
| 22:34 | Queue | Villager (Male) |
| 22:35 | Build | Farm |
| 22:37 | Build | Farm |
| 22:39 | Build | Farm |
| 22:40 | Build | Farm |
| 22:41 | Build | Farm |
| 23:21 | Research | Wheelbarrow |
| 23:21 | Queue | Villager (Male) |
| 23:22 | Queue | Villager (Male) |
| 23:22 | Queue | Villager (Male) |
| 23:23 | Queue | Villager (Male) |
| 23:25 | Build | Farm |
| 23:26 | Build | Farm |
| 23:40 | Queue | Villager (Male) |
| 23:41 | Build | Farm |
| 23:54 | Queue | Villager (Male) |
| 24:08 | Queue | Villager (Male) |
| 24:42 | Queue | Villager (Male) |
| 24:52 | Build | Town Center |
| 25:17 | Research | Imperial Age |
| 25:18 | Research | Imperial Age |
| 25:18 | Research | Loom |
| 25:55 | Queue | Ballista Elephant |
| 25:56 | Queue | Villager (Male) |
| 26:05 | Queue | Villager (Male) |
| 26:13 | Queue | Villager (Male) |
| 26:13 | Queue | Villager (Male) |
| 26:18 | Build | Siege Workshop |
| 26:44 | Queue | Villager (Male) |
| 26:45 | Build | House |
| 26:46 | Build | House |
| 26:47 | Build | House |
| 26:47 | Build | House |
| 26:47 | Build | House |
| 26:47 | Build | House |
| 26:48 | Build | House |
| 26:48 | Build | House |
| 26:57 | Build | Palisade Wall |
| 26:59 | Build | Palisade Wall |
| 27:00 | Build | Palisade Wall |
| 27:02 | Build | Palisade Wall |
| 27:10 | Queue | Ballista Elephant |
Match timeline
| 7:23 | Shiva · first_building Donjon |
| 8:31 | Shiva · age_up feudal |
| 8:41 | 团团团子 · wall_segment Palisade Wall x3 |
| 8:46 | veni · wall_segment Palisade Wall x6 |
| 8:56 | veni · wall_segment Palisade Wall x3 |
| 8:58 | AlbertoFernández · age_up feudal |
| 9:09 | 团团团子 · wall_segment Palisade Wall x5 |
| 9:21 | 团团团子 · wall_segment Palisade Wall x9 |
| 9:32 | 团团团子 · wall_segment Palisade Wall x7 |
| 9:37 | veni · wall_segment Palisade Wall x5 |
| 9:42 | DL-ĐệNhị · first_building Barracks |
| 10:02 | 团团团子 · wall_segment Palisade Wall x1 |
| 10:03 | 团团团子 · wall_segment Palisade Wall x1 |
| 10:04 | 团团团子 · wall_segment Palisade Wall x1 |
| 10:05 | 团团团子 · wall_segment Palisade Wall x1 |
| 10:06 | veni · age_up feudal |
| 10:07 | 团团团子 · wall_segment Palisade Wall x4 |
| 10:20 | 团团团子 · wall_segment Palisade Wall x5 |
| 10:27 | 团团团子 · wall_segment Palisade Wall x1 |
| 10:27 | 团团团子 · wall_segment Palisade Wall x1 |
| 10:29 | 团团团子 · wall_segment Palisade Wall x1 |
| 10:30 | 团团团子 · wall_segment Palisade Wall x1 |
| 10:40 | Spank~ · age_up feudal |
| 10:56 | ಥಥĐà Lạtಥಥ · age_up feudal |
| 10:56 | Eugenius · age_up feudal |
| 10:59 | DL-ĐệNhị · age_up feudal |
| 11:01 | veni · wall_segment Stone Wall x7 |
| 11:01 | 团团团子 · age_up feudal |
| 11:03 | DL-ĐệNhị · first_building Stable |
| 11:36 | Spank~ · first_market_sell 100 wood |
| 11:39 | Shiva · wall_segment Palisade Wall x1 |
| 11:40 | Shiva · wall_segment Palisade Wall x1 |
| 11:44 | Shiva · wall_segment Palisade Wall x1 |
| 11:46 | Shiva · wall_segment Palisade Wall x1 |
| 12:27 | AlbertoFernández · wall_segment Palisade Wall x1 |
| 12:28 | AlbertoFernández · wall_segment Palisade Wall x1 |
| 13:17 | 团团团子 · first_market_buy 100 food |
| 13:18 | 团团团子 · first_market_sell 100 wood |
| 13:24 | veni · wall_segment Stone Wall x1 |
| 13:27 | veni · wall_segment Stone Wall x1 |
| 13:28 | veni · wall_segment Stone Wall x1 |
| 14:19 | ಥಥĐà Lạtಥಥ · first_market_buy 100 stone |
| 14:22 | Spank~ · age_up castle |
| 14:39 | ಥಥĐà Lạtಥಥ · age_up castle |
| 14:41 | Eugenius · age_up castle |
| 14:51 | Eugenius · first_building Monastery |
| 15:02 | AlbertoFernández · first_market_sell 100 stone |
| 15:08 | AlbertoFernández · first_market_buy 100 food |
| 15:09 | veni · wall_segment Stone Wall x1 |
| 15:15 | 团团团子 · wall_segment Palisade Wall x1 |
| 15:18 | DL-ĐệNhị · age_up castle |
| 15:24 | ಥಥĐà Lạtಥಥ · first_building Monastery |
| 16:17 | 团团团子 · age_up castle |
| 16:21 | veni · wall_segment Stone Wall x1 |
| 16:44 | 团团团子 · first_building Castle |
| 18:18 | Shiva · first_market_buy 100 food |
| 18:35 | AlbertoFernández · age_up castle |
| 19:20 | Spank~ · first_market_buy 100 stone |
| 19:20 | Shiva · first_market_sell 100 wood |
| 19:21 | veni · first_market_sell 100 wood |
| 20:18 | AlbertoFernández · first_building Monastery |
| 21:28 | Eugenius · first_building Barracks |
| 21:28 | ಥಥĐà Lạtಥಥ · first_building Barracks |
| 21:32 | Spank~ · first_building Siege Workshop |
| 22:08 | veni · age_up castle |
| 22:11 | veni · first_building Castle |
| 22:22 | veni · wall_segment Stone Wall x1 |
| 22:22 | Eugenius · first_building Stable |
| 22:34 | DL-ĐệNhị · first_building Monastery |
| 23:22 | veni · first_building Barracks |
| 23:29 | Shiva · age_up castle |
| 23:35 | Shiva · first_building Castle |
| 23:44 | Eugenius · first_building Archery Range |
| 24:17 | Eugenius · first_market_sell 100 wood |
| 24:20 | veni · first_building Stable |
| 24:42 | ಥಥĐà Lạtಥಥ · first_market_sell 100 food |
| 24:49 | Spank~ · first_building Castle |
| 24:55 | Eugenius · first_building Castle |
| 25:00 | Shiva · first_building Siege Workshop |
| 25:23 | Spank~ · first_building Barracks |
| 26:18 | 团团团子 · first_building Siege Workshop |
| 26:51 | veni · first_market_buy 100 wood |
| 26:57 | 团团团子 · wall_segment Palisade Wall x1 |
| 26:59 | 团团团子 · wall_segment Palisade Wall x1 |
| 27:00 | 团团团子 · wall_segment Palisade Wall x1 |
| 27:02 | 团团团子 · wall_segment Palisade Wall x1 |
| 27:53 | ಥಥĐà Lạtಥಥ · first_building Castle |
| 27:55 | ಥಥĐà Lạtಥಥ · age_up imperial |
| 28:12 | AlbertoFernández · wall_segment Stone Wall x20 |
| 28:23 | Spank~ · age_up imperial |
| 28:27 | 团团团子 · age_up imperial |
| 28:37 | Eugenius · age_up imperial |
| 29:04 | AlbertoFernández · wall_segment Stone Wall x12 |
| 30:07 | ಥಥĐà Lạtಥಥ · first_building Archery Range |
| 30:27 | DL-ĐệNhị · age_up imperial |
| 30:41 | AlbertoFernández · wall_segment Stone Wall x1 |
| 30:48 | AlbertoFernández · wall_segment Stone Wall x18 |
| 31:17 | AlbertoFernández · first_building Barracks |
| 31:22 | DL-ĐệNhị · first_building Castle |
| 31:28 | AlbertoFernández · first_building Siege Workshop |
| 31:56 | DL-ĐệNhị · first_building Archery Range |
| 32:18 | Shiva · wall_segment Stone Wall x1 |
| 32:20 | Shiva · wall_segment Stone Wall x1 |
| 33:01 | veni · first_building Monastery |
| 33:09 | Eugenius · first_building Siege Workshop |
| 33:16 | AlbertoFernández · first_building Archery Range |
| 33:38 | Spank~ · wall_segment Stone Wall x1 |
| 35:35 | DL-ĐệNhị · tribute_sent a jugador 1 |
| 35:35 | DL-ĐệNhị · tribute_sent a jugador 2 |
| 35:35 | DL-ĐệNhị · tribute_sent a jugador 3 |
| 35:35 | DL-ĐệNhị · tribute_sent a jugador 4 |
| 35:35 | DL-ĐệNhị · tribute_sent a jugador 5 |
| 35:35 | DL-ĐệNhị · tribute_sent a jugador 7 |
| 35:35 | DL-ĐệNhị · tribute_sent a jugador 8 |
| 35:39 | AlbertoFernández · age_up imperial |
| 35:51 | DL-ĐệNhị · first_building Siege Workshop |
| 36:15 | AlbertoFernández · resign |
| 37:24 | Eugenius · tribute_sent a jugador 1 |
| 37:24 | Eugenius · tribute_sent a jugador 2 |
| 37:24 | Eugenius · tribute_sent a jugador 3 |
| 37:24 | Eugenius · tribute_sent a jugador 4 |
| 37:24 | Eugenius · tribute_sent a jugador 6 |
| 37:24 | Eugenius · tribute_sent a jugador 7 |
| 37:24 | Eugenius · tribute_sent a jugador 8 |
| 38:11 | veni · age_up imperial |
| 38:34 | ಥಥĐà Lạtಥಥ · wall_segment Palisade Wall x1 |
| 38:38 | Spank~ · tribute_sent a jugador 1 |
| 38:38 | Spank~ · tribute_sent a jugador 2 |
| 38:38 | Spank~ · tribute_sent a jugador 4 |
| 38:38 | Spank~ · tribute_sent a jugador 5 |
| 38:38 | Spank~ · tribute_sent a jugador 6 |
| 38:38 | Spank~ · tribute_sent a jugador 7 |
| 38:38 | Spank~ · tribute_sent a jugador 8 |
| 39:15 | ಥಥĐà Lạtಥಥ · first_building Siege Workshop |
[ AI ANALYSIS · 1 CREDIT ]
What really happened in this match?
Wolo.gg analyzes every decision: build order, eco, micro, common mistakes by bracket. Personalized analysis on WhatsApp or Discord in 30 seconds.
Civ guide
Sicilians
Perfil
Jugador #2718003